Map: Void Launch

Players

NamroodTuo

  • Race: Zerg Zerg

Amras

  • Race: Protoss Protoss
  • Spawn Location: 6:00

VOD

Have the link to the VOD?

Description

Time

  • Played on: Jan. 21, 2023, 7:13 a.m.
  • Length: 25:40
Show
View Real Time Build Order
Export as new Build Order

NamroodTuo Zerg 

Build Orders:  

Get SALT Encoding   

  12  0:09  Infested SCV  
  13  0:17  Infested SCV  
  14  0:22  Infested SCV  
  15  0:40  Infested Barracks  
  15  0:49  Overlord  
  15  1:15  Infested SCV  
  15  1:19  Infested Refinery  
  16  1:23  Infested SCV  
  16  1:24  Infested SCV  
  16  1:25  Infested Refinery  
  16  1:29  Infested SCV  
  19  1:34  Infested SCV  
  20  1:44  Infested SCV  
  21  1:53  Infested Engineering Bay  
  21  2:10  Infested SCV x2  
  23  2:21  Overlord  
  23  2:49  Regenerative Plating  
  23  2:52  Infested SCV x2  
  25  3:11  Infested Barracks  
  25  3:13  Overlord  
  25  3:20  Infested Marine  
  25  3:21  Infested Marine x5  
  35  4:00  Infested Bunker  
  35  4:03  Infested SCV x2  
  35  4:06  Infested SCV  
  38  4:12  Infested SCV  
  38  4:19  Overlord  
  39  4:31  Overlord  
  39  4:45  Stukov Infantry Weapons Level 1  
  39  4:47  Infested SCV  
  40  4:52  Infested Barracks Tech Lab  
  33  5:55  Infested Marine  
  33  5:56  Infested Marine x13  
  47  6:04  Infested SCV  
  47  6:05  Infested SCV x2  
  54  6:33  Infested Bunker  
  54  6:44  Stukov Infantry Armor Level 1  
  54  6:53  Overlord x2  
  54  6:54  Overlord x2  
  54  7:02  Infested Missile Turret  
  54  7:26  Infested Bunker  
  54  7:28  Infested Missile Turret  
  57  7:31  Infested Missile Turret  
  44  7:41  Retinal Augmentation  
  44  7:43  Infested Marine  
  44  7:44  Infested Marine x3  
  48  8:00  Infested Marine  
  48  8:01  Infested Marine x12  
  48  8:02  Infested Marine x2  
  62  8:12  Infested Marine  
  62  8:13  Infested Marine x8  
  62  8:15  Infested Marine  
  72  8:56  Infested Bunker  
  76  9:04  Infested Missile Turret  
  72  9:26  Infested Marine  
  72  9:27  Infested Marine x6  
  64  9:43  Infested Marine  
  64  9:44  Infested Marine x6  
  64  9:45  Infested Marine x7  
  67  10:28  Infested Factory  
  62  10:36  Infested SCV  
  62  10:37  Infested SCV x4  
  59  10:51  Overlord  
  46  11:58  Infested Marine  
  46  11:59  Infested Marine x12  
  62  12:38  Infested Bunker  
  70  12:43  Infested Bunker  
  74  13:26  Infested Bunker  
  74  13:30  Infested Marine x5  
  74  13:31  Infested Marine x16  
  74  13:33  Infested Bunker  
  74  13:37  Infested Marine  
  74  13:38  Infested Marine x4  
  87  13:52  Infested Armory  
  87  14:04  Infested Marine x3  
  87  14:05  Infested Marine x5  
  95  14:17  Infested Missile Turret  
  93  14:20  Infested Missile Turret  
  90  14:33  Infested Marine  
  90  14:34  Infested Marine x4  
  90  14:51  Infested Marine  
  90  14:52  Infested Marine x4  
  95  15:08  Infested Missile Turret  
  78  15:29  Infested SCV x4  
  82  15:30  Overlord  
  82  15:34  Infested Bunker  
  69  16:23  Infested Missile Turret  
  64  16:31  Infested Command Center  
  64  16:33  Plagued Munitions  
  64  16:37  Infested Marine x2  
  64  16:38  Infested Marine x21  
  64  16:39  Infested Marine x2  
  89  16:49  Infested Missile Turret  
  89  16:57  Infested Barracks  
  89  17:21  Calcified Armor  
  89  17:22  Infested Barracks  
  89  17:56  Stukov Infantry Armor Level 2  
  68  18:34  Infested Marine  
  68  18:35  Infested Marine x10  
  79  18:41  Infested Bunker  
  79  18:43  Infested Marine x5  
  79  18:44  Infested Marine x7  
  79  18:45  Infested Missile Turret  
  79  18:46  Infested Marine x2  
  93  19:03  Infested Marine x6  
  93  19:04  Infested Marine x11  
  110  19:12  Infested Missile Turret  
  110  19:24  Infested Marine  
  110  19:25  Infested Marine x7  
  101  19:55  Infested Marine  
  101  19:56  Infested Marine x17  
  101  19:57  Infested Marine x6  
  117  20:08  Infested Marine  
  117  20:09  Infested Marine x7  
  113  20:21  Stukov Infantry Weapons Level 2  
  113  20:22  Infested SCV  
  113  20:23  Infested SCV x3  
  113  20:24  Infested SCV  
  113  20:29  Overlord x2  
  116  20:36  Overlord  
  113  20:42  Infested SCV  
  114  20:56  Infested Marine  
  114  20:57  Infested Marine x13  
  114  20:58  Infested Marine x4  
  123  21:27  Infested Marine  
  123  21:28  Infested Marine x18  
  141  21:38  Infested SCV  
  141  21:39  Infested SCV x4  
  116  22:00  Infested Missile Turret  
  108  22:23  Infested Marine  
  108  22:24  Infested Marine x10  
  108  22:25  Infested Marine x19  
  108  22:26  Infested Marine x4  
  108  22:27  Infested Bunker  
  130  23:09  Infested Marine x6  
  123  23:10  Infested Marine x19  
  142  23:26  Overlord  
  142  23:27  Overlord x4  
  142  23:36  Infested Missile Turret  
  142  23:43  Infested Missile Turret  
  142  23:45  Infested Missile Turret  
  142  23:57  Infested Marine  
  142  23:58  Infested Marine x13  
  135  24:03  Infested Missile Turret  
  135  24:04  Infested Marine  
  135  24:05  Infested Marine x8  
  135  24:06  Infested Marine x2  
  133  24:10  Infested Missile Turret  
  133  24:12  Infested Missile Turret  
  94  24:41  Infested Marine x6  
  94  24:42  Infested Marine x19  
  94  24:47  Infested Marine x2  
  94  24:48  Infested Marine x7  
  94  24:49  Infested Marine x14  
  131  24:56  Infested Marine  
  131  24:57  Infested Marine x16  
  136  25:14  Infested Marine  
  136  25:15  Infested Marine x9  
  136  25:16  Infested Marine x4  
  136  25:17  Infested Marine x2  
Show
View Real Time Build Order
Export as new Build Order

Amras Protoss 

Build Orders:  

Get SALT Encoding   

  12  0:01  Probe (Chrono Boost)  
  13  0:13  Probe (Chrono Boost)  
  14  0:31  Pylon  
  14  0:34  Probe (Chrono Boost)  
  15  0:54  Probe (Chrono Boost)  
  16  1:06  Probe (Chrono Boost)  
  16  1:07  Gateway  
  17  1:18  Probe (Chrono Boost)  
  17  1:28  Assimilator  
  18  1:30  Probe (Chrono Boost)  
  19  1:42  Probe (Chrono Boost)  
  20  1:54  Probe (Chrono Boost)  
  21  2:06  Probe (Chrono Boost)  
  22  2:18  Probe (Chrono Boost)  
  22  2:22  Cybernetics Core  
  22  2:25  Forge  
  22  2:29  Assimilator  
  23  2:43  Pylon  
  23  2:47  Pylon  
  23  3:01  Solar Efficiency Level 1  
  23  3:05  Probe (Chrono Boost)  
  24  3:17  Probe (Chrono Boost)  
  24  3:29  Probe (Chrono Boost)  
  26  3:41  Probe (Chrono Boost)  
  27  3:53  Probe (Chrono Boost)  
  28  4:05  Stargate  
  28  5:25  Fleet Beacon  
  28  5:51  Carrier  
  34  6:55  Nexus  
  34  7:00  Probe (Chrono Boost)  
  34  7:02  Carrier  
  35  7:15  Probe (Chrono Boost)  
  36  7:32  Pylon  
  36  7:33  Pylon  
  36  7:36  Pylon  
  36  7:37  Pylon  
  41  8:28  Carrier  
  39  9:00  Probe (Chrono Boost)  
  46  9:12  Probe (Chrono Boost)  
  47  9:24  Probe (Chrono Boost)  
  48  9:36  Probe (Chrono Boost)  
  48  9:37  Assimilator  
  49  9:48  Probe (Chrono Boost)  
  49  9:53  Carrier  
  50  10:00  Probe (Chrono Boost)  
  57  11:18  Carrier  
  57  11:41  Probe (Chrono Boost)  
  58  11:53  Probe (Chrono Boost)  
  65  12:36  Pylon  
  65  12:39  Pylon  
  65  12:40  Pylon  
  65  12:41  Pylon  
  65  12:42  Pylon  
  65  12:43  Carrier  
  65  12:45  Pylon  
  71  13:20  Stargate  
  71  13:48  Carrier  
  71  14:29  Carrier  
  77  14:51  Unknown  
  83  15:13  Carrier  
  83  15:16  Protoss Air Armor Level 1  
  89  16:03  Twilight Council  
  89  16:14  Carrier  
  95  16:38  Carrier  
  101  17:43  Solar Efficiency Level 2  
  101  17:58  Carrier  
  101  18:03  Carrier  
  107  18:27  Probe (Chrono Boost)  
  107  18:29  Assimilator  
  108  18:39  Probe (Chrono Boost)  
  115  18:51  Probe (Chrono Boost)  
  116  19:03  Probe (Chrono Boost)  
  117  19:26  Carrier  
  117  19:33  Carrier  
  129  20:34  Carrier  
  129  20:52  Pylon  
  129  20:55  Pylon  
  129  20:57  Pylon  
  129  21:00  Pylon  
  129  21:07  Carrier  
  129  21:17  Pylon x2  
  129  21:20  Pylon  
  141  21:59  Carrier  
  135  22:51  Carrier  
  141  23:24  Carrier  
Tags
 
Commander
KaraxStukov
Matchup
Co-op
Replay Pack
Multiplayer
Add a new tag
Caveats
  • Supply blocks, unpowered buildings, or Contaminate may cause inaccurate times.
  • Supply counts are checked every 10 seconds.